 Dungeon Crawl Stone Soup version 0.19-a0-1216-g363869b (webtiles) character file.

31255 4thArraOfDagon the Brawler (level 13, -7/110 HPs)
             Began as a Troll Fighter on Aug 23, 2016.
             Was a Priest of Ashenzari.
             Mangled by an orc warrior
             ... wielding a +2 halberd of venom
              (22 damage)
             ... while paralysed by an orc sorcerer
             ... on level 2 of the Orcish Mines.
             The game lasted 00:28:35 (6058 turns).

4thArraOfDagon the Brawler (Troll Fighter)          Turns: 6058, Time: 00:28:35

Health: -7/110     AC: 11    Str: 27    XL:     13   Next: 25%
Magic:  9/9        EV:  1    Int:  8    God:    Ashenzari [***...]
Gold:   1266       SH:  0    Dex:  9    Spells: 0 memorised, 12 levels left

rFire  . . .     SeeInvis +       - Unarmed
rCold  . . .     Gourm    +     l - +0 troll leather armour
rNeg   . . .     Faith    .     b - +0 shield (curse)
rPois  .         Spirit   .     (helmet restricted)
rElec  .         Dismiss  .     n - +0 cloak
rCorr  .         Reflect  .     (gloves unavailable)
MR     .....     Harm     .     (boots unavailable)
Stlth  +......... Rnd*Rage +    (no amulet)
                                (no ring)
                                (no ring)

@: paralysed, lethally poisoned (-7 -> -37)
A: unfitting armour, claws 3, icy blue scales 1, berserk 1, blurry vision 1,
fast metabolism 3, gourmand, low mp 2, mutation resistance 2, regeneration 1,
shaggy fur 2, tough skin 2
a: Curse Item, Scrying, Renounce Religion


You were on level 2 of the Orcish Mines.
You worshipped Ashenzari.
Ashenzari was most pleased with you.
You were very full.

You visited 2 branches of the dungeon, and saw 17 of its levels.

You collected 1357 gold pieces.
You spent 91 gold pieces at shops.

Inventory:

Hand Weapons
 h - a +2 glaive of distortion
 C - the +6 rapier "Nauteem" {freeze, *Corrode rPois Dex+7}
   (You found it on level 8 of the Dungeon)

   It has been specially enchanted to freeze those struck by it, causing extra
   injury to most foes and up to half again as much damage against particularly
   susceptible opponents.
   It can also slow down cold-blooded creatures.
   It affects your dexterity (+7).
   It protects you from poison.
   It may corrode you when you take damage.
Armour
 a - a +0 robe
 b - a cursed +0 shield (worn)
 l - a +0 troll leather armour (worn)
 n - a +0 cloak (worn)
 r - a +2 robe of magic resistance
Jewellery
 x - an uncursed ring of wizardry
 y - an uncursed ring of positive energy
Wands
 j - a wand of flame (9/48)
 m - a wand of paralysis (0/24)
 z - a wand of flame (15/48)
Scrolls
 i - a scroll of enchant armour
 k - a scroll of magic mapping
 o - 3 scrolls of amnesia
 q - 6 scrolls of identify
 u - 5 scrolls of fog
Potions
 c - a potion of agility
 e - a potion of brilliance {unknown}
 g - a potion of degeneration
 p - a potion of cancellation {unknown}
Comestibles
 d - 6 bread rations
 f - 2 meat rations
 s - 2 beef jerkies
 t - 7 slices of pizza


   Skills:
 - Level 2.4 Fighting
 - Level 9.1 Dodging
 + Level 7.4(9.3) Shields
 * Level 17.5 Unarmed Combat


You had 12 spell levels left.
You didn't know any spells.

Dungeon Overview and Level Annotations

Branches:
Dungeon (15/15)               Orc (2/2) D:10            Elf (0/3) Orc:2
 Vaults (0/5) D:13         Depths (0/5) D:15
 Temple: D:4-7         Lair: D:8-11

Altars:
Ashenzari
Fedhas
Gozag
Uskayaw

Shops:
D:7 *

Annotations:
D:5 Dowan, Duvessa
D:10 Snorg
D:12 Sonja


Innate Abilities, Weirdness & Mutations

You are too large for most types of armour.
You have claws for hands.
Your metabolism is lightning-fast.
You like to eat raw meat.
Your natural rate of healing is unusually fast.
You are covered in thick fur. (AC +2)
You have very tough skin. (AC +2)
You are partially covered in icy blue scales. (AC +2)
You tend to lose your temper in combat.
Scrolls take you a little longer to read.
Your magical capacity is very low. (-20% MP)
You are somewhat resistant to both further mutation and mutation removal.


Message History

You feel very sick.
The orc warrior hits you from afar with a halberd of venom.
You are more poisoned.
The orc sorcerer gestures at you while chanting.
You resist with some effort.
You feel very sick.
The orc high priest mumbles some strange prayers to Beogh.
The orc sorcerer hits you but does no damage.
The orc warrior hits you from afar with a halberd of venom!!
You are lethally poisoned!
* * * LOW HITPOINT WARNING * * *
You feel very sick.
The orc high priest calls down the wrath of Beogh upon you.
Beogh smites you!
* * * LOW HITPOINT WARNING * * *
The orc sorcerer hits you but does no damage.
* * * LOW HITPOINT WARNING * * *
You feel very sick.
The orc warrior hits you from afar with a halberd of venom!!
You die...

∩
#####.#)...####......#
,,
#......)[...##......##
,,,*
#.....#.....####.....#
#...........# #......
,, ,, #...........##
##..... * ,,,
,*#...44.......#
##...< ,
,##..{oo......## ###..
, #..)(#o)....##
##.... * .
**##...##@......#
#.....
.÷..##o...##...##.##
##.<..#
#..÷.4..4##.....###
##....##
##......##.......#
#.....##
###...##...###.##
#.##...# #### #.### ##
#####.#... ##
####.#####...
#.....###....
####.>...###...


You could see an orc high priest, a hellwing, an orc sorcerer, a red devil and
an orc warrior.

Vanquished Creatures
  4 vault guards (D:13)
  A tengu warrior (D:13)
  An orc high priest (Orc:2)
  An unseen horror (D:12)
  5 hill giants
  2 orc knights
  4 deep elf magi
  An orc sorcerer (Orc:2)
  A manticore (D:13)
  7 ugly things
  Joseph (D:8)
  2 centaur zombies
  A gargoyle (D:14)
  A freezing wraith (D:14)
  A komodo dragon (D:14)
  A tengu conjurer (D:13)
  6 trolls
  A two-headed ogre (D:15)
  A slime creature (D:13)
  Sigmund (D:5)
  4 wyverns
  2 wraiths
  2 water elementals (D:12)
  19 yaks
  A human (D:7)
  A basilisk (D:13)
  6 hippogriffs
  A steam dragon (D:9)
  4 wargs
  A hell hound (shapeshifter) (D:14)
  2 sky beasts
  17 orc warriors
  7 ogres
  A wasp (D:14)
  8 centaurs
  4 ice beasts
  5 crocodiles
  2 big kobolds
  Blork the orc (D:5)
  6 giant frogs
  A scorpion (D:7)
  9 wights
  14 killer bees
  6 howler monkeys
  7 crimson imps
  5 quasits
  3 hounds
  5 centaur skeletons
  15 orc priests
  2 jellies
  19 orc wizards
  3 iguanas
  9 worker ants
  4 sheep (D:7)
  A hound zombie (D:8)
  A worker ant zombie (D:10)
  6 adders
  4 shadow imps
  An ooze (D:7)
  3 giant geckos
  74 orcs
  A bat (D:1)
  2 giant cockroaches
  2 goblins (D:1)
  A hobgoblin (D:2)
  7 jackals
  7 kobolds
  A quokka (D:10)
  A ball python (D:1)
  A quokka skeleton (D:8)
352 creatures vanquished.

Vanquished Creatures (others)
  2 plants (D:12)
2 creatures vanquished.

Grand Total: 354 creatures vanquished

Notes
Turn   | Place    | Note
-------+----------+-------------------------------------------
     0 | D:1      | 4thArraOfDagon the Troll Fighter began the quest for the Orb.
     0 | D:1      | Reached XP level 1. HP: 22/22 MP: 0/0
   177 | D:3      | Reached XP level 2. HP: 26/29 MP: 1/1
   255 | D:5      | Entered Level 5 of the Dungeon
   280 | D:5      | Noticed Blork the orc
   287 | D:5      | Killed Blork the orc
   287 | D:5      | Reached skill level 3 in Unarmed Combat
   287 | D:5      | Reached XP level 3. HP: 24/36 MP: 2/2
   287 | D:5      | Reached XP level 4. HP: 29/44 MP: 3/3
   352 | D:5      | Reached skill level 4 in Unarmed Combat
   404 | D:5      | Noticed a phantom
   415 | D:5      | Noticed Sigmund
   436 | D:5      | Killed Sigmund
   436 | D:5      | Reached skill level 5 in Unarmed Combat
   436 | D:5      | Reached XP level 5. HP: 14/50 MP: 4/4
   503 | D:5      | Noticed Duvessa
   505 | D:5      | Noticed Dowan
   522 | D:6      | Reached XP level 6. HP: 32/59 MP: 5/5
   523 | D:6      | Gained mutation: Your muscles are strong. (Str +2) [potion of mutation]
   523 | D:6      | Gained mutation: Scrolls take you a little longer to read. [potion of mutation]
   523 | D:6      | Gained mutation: You are somewhat resistant to further mutation. [potion of mutation]
   524 | D:6      | Gained mutation: Your magical capacity is low. (-10% MP) [potion of mutation]
   524 | D:6      | Gained mutation: You tend to lose your temper in combat. [potion of mutation]
   524 | D:6      | Gained mutation: You are partially covered in icy blue scales. (AC +2) [potion of mutation]
   536 | D:6      | Found an opulent altar of Gozag.
   608 | D:6      | Reached skill level 6 in Unarmed Combat
   614 | D:6      | Reached XP level 7. HP: 38/66 MP: 5/5
   741 | D:7      | Reached skill level 7 in Unarmed Combat
   753 | D:7      | Noticed a hippogriff
   759 | D:7      | Killed a hippogriff
   861 | D:7      | Found a hide-covered altar of Uskayaw.
   992 | D:7      | Reached skill level 8 in Unarmed Combat
   992 | D:7      | Reached XP level 8. HP: 73/74 MP: 6/6
  1014 | D:7      | Reached skill level 5 in Dodging
  1151 | D:7      | Reached skill level 9 in Unarmed Combat
  1214 | D:7      | Found Xelaest's General Store.
  1222 | D:7      | Bought 2 scrolls of fog for 52 gold pieces
  1222 | D:7      | Bought a potion of curing for 39 gold pieces
  1318 | D:6      | Found a blossoming altar of Fedhas.
  1324 | D:6      | Found a shattered altar of Ashenzari.
  1337 | D:6      | Became a worshipper of Ashenzari the Shackled
  1474 | D:6      | Reached XP level 9. HP: 32/80 MP: 7/7
  1483 | D:6      | Reached skill level 10 in Unarmed Combat
  1706 | D:8      | Noticed Joseph
  1746 | D:8      | Killed Joseph
  1746 | D:8      | Reached skill level 11 in Unarmed Combat
  1881 | D:8      | Got the rapier "Nauteem" {freeze, *Corrode rPois Dex+7}
  1938 | D:9      | Lost mutation: Your muscles are strong. (Str +2) [potion of mutation]
  1952 | D:10     | Entered Level 10 of the Dungeon
  1970 | D:11     | Noticed a troll
  2002 | D:10     | Found a staircase to the Orcish Mines.
  2028 | D:10     | Noticed a green ugly thing
  2032 | D:10     | Gained mutation: You are agile. (Dex +2) [potion of beneficial mutation]
  2053 | D:10     | Killed a green ugly thing
  2053 | D:10     | Reached XP level 10. HP: 45/88 MP: 8/8
  2062 | D:10     | Gained mutation: Your magical capacity is very low. (-20% MP) [mutagenic meat]
  2080 | D:10     | Noticed a hill giant
  2157 | D:10     | Killed a hill giant
  2157 | D:10     | Reached skill level 12 in Unarmed Combat
  2209 | D:10     | Sixotanaka: troll reasons
  2331 | D:10     | Noticed a hill giant
  2360 | D:10     | Killed a hill giant
  2414 | D:10     | Noticed a green ugly thing
  2427 | D:10     | Killed a green ugly thing
  2436 | D:10     | Lost mutation: You are agile. (Dex +2) [mutagenic meat]
  2448 | D:10     | Turgon: You wear a troll *hide* !?
  2454 | D:10     | Reached skill level 13 in Unarmed Combat
  2492 | D:10     | Turgon: Is regen good enough?
  2692 | D:11     | Noticed a hill giant
  2700 | D:10     | Killed a hill giant
  2723 | D:11     | Reached XP level 11. HP: 94/94 MP: 7/7
  2783 | D:10     | Noticed Snorg
  2838 | D:11     | Reached * piety under Ashenzari
  3006 | D:12     | Noticed a purple ugly thing
  3023 | D:12     | Killed a purple ugly thing
  3023 | D:12     | Reached skill level 14 in Unarmed Combat
  3075 | D:12     | Noticed a deep elf mage
  3101 | D:12     | Killed a deep elf mage
  3245 | D:13     | Noticed a red ugly thing
  3260 | D:13     | Killed a red ugly thing
  3261 | D:13     | Noticed a vault guard
  3261 | D:13     | Noticed a brown ugly thing
  3262 | D:13     | Noticed a vault guard
  3285 | D:12     | Gained mutation: You are somewhat resistant to both further mutation and mutation removal. [mutagenic meat]
  3295 | D:12     | Noticed a brown ugly thing
  3327 | D:12     | Noticed Sonja
  3333 | D:12     | Killed a brown ugly thing
  3345 | D:12     | HP: 2/94 [something (5)]
  3348 | D:12     | Killed an unseen horror
  3499 | D:12     | Reached skill level 15 in Unarmed Combat
  3636 | D:13     | Found a gate to the Vaults.
  3659 | D:13     | Killed a brown ugly thing
  3681 | D:13     | Noticed a vault guard
  3720 | D:13     | Killed a vault guard
  3720 | D:13     | Reached XP level 12. HP: 36/104 MP: 8/8
  3722 | D:13     | Reached skill level 5 in Shields
  3779 | D:13     | Killed a vault guard
  3847 | D:13     | Noticed a tengu warrior
  3868 | D:13     | Killed a tengu warrior
  4135 | D:13     | Reached skill level 16 in Unarmed Combat
  4323 | D:14     | Reached ** piety under Ashenzari
  4376 | D:15     | Entered Level 15 of the Dungeon
  4460 | D:14     | Turgon: **
  4482 | D:14     | Turgon: Now Ash game starts
  4767 | D:14     | Gained mutation: You are covered in thick fur. (AC +2) [mutagenic meat]
  4780 | D:14     | Noticed a five-headed hydra
  4823 | D:13     | Noticed a vault guard
  4846 | D:13     | Killed a vault guard
  4851 | D:13     | Killed a vault guard
  4956 | D:11     | Reached skill level 17 in Unarmed Combat
  5006 | D:11     | Reached XP level 13. HP: 107/110 MP: 9/9
  5233 | Orc:1    | Entered Level 1 of the Orcish Mines
  5467 | Orc:2    | Entered Level 2 of the Orcish Mines
  5509 | Orc:2    | Found a staircase to the Elven Halls.
  5510 | Orc:2    | Reached *** piety under Ashenzari
  6041 | Orc:2    | Paralysed by an orc sorcerer for 7 turns
  6053 | Orc:2    | Paralysed by an orc sorcerer for 5 turns
  6058 | Orc:2    | Mangled by an orc warrior

Vault maps used:
D:1:      minmay_arrival_widening_spiral_wide
D:2:      minmay_kobold_bridge, uniq_jessica
D:3:      kennysheep_big_flooded_room, first_bread, saegor_snake_ambush
D:4:      makhleb_heckhound_becter, kiku_gazebo_pond_becter,
          yredelemnul_altar_generic
D:5:      corexii_shantytown, uniq_blork_the_orc, uniq_sigmund, uniq_duvessa
D:6:      minitemple, nicolae_gozag_cash_rules_everything_around_me,
          grunt_ministairs_10, roderic_greek_sauvastika, lemuel_angel_altar
D:7:      eat_drink_and_be_merry_uskayaw, serial_shops, shop_statue,
          grunt_livestock, grunt_ministairs_15
D:8:      nicolae_whirlpool, trog_butcher_becter, uniq_joseph
D:9:      nemelex_xobeh_ov_fountains_minmay
D:10:     orc_0_dummy, uniq_snorg
D:11:     erik_lair_orcish_takeover
D:12:     serial_bayou, serial_bayou_ford_a, serial_bayou_pond_e,
          serial_bayou_pond_d, serial_bayou_shore_a, serial_bayou_pond_a,
          serial_bayou_pond_a, uniq_sonja
D:13:     lightli_vaults_fourway_checkpoint, special_room, eino_tiny_chamber
D:14:     minivault_4, basic_altar
D:15:     grunt_enter_depths_magical_seal, nicolae_transmutations_shop
Orc:1:    mines1_david
Orc:2:    grunt_orc_tribal_feast

Skill      XL: |  1  2  3  4  5  6  7  8  9 10 11 12 |
---------------+-------------------------------------+-----
Dodging        | 3 4 6 7 8 9 |  9.1
Unarmed Combat | 3 5 6 8 9 11 13 15 17 | 17.5
Shields        | 4 7 |  7.4
Fighting       | |  2.4

Action                   |  1- 3 |  4- 6 |  7- 9 | 10-12 | 13-15 || total
-------------------------+-------+-------+-------+-------+-------++-------
Melee: Unarmed           |    25 |    75 |   322 |   706 |   182 ||  1310
Invok: Curse Item        |       |       |       |     1 |       ||     1
Evoke: Wand              |       |       |       |     7 |       ||     7
  Use: Potion            |     1 |     4 |     9 |     8 |     1 ||    23
       Scroll            |       |       |     2 |     9 |       ||    11
 Stab: Sleeping          |     1 |       |       |     1 |       ||     2
       Invisible         |       |     2 |       |       |       ||     2
       Paralysed         |       |       |       |     2 |       ||     2
  Eat: Chunk             |     2 |     4 |    17 |    48 |    12 ||    83
       Beef jerky        |     1 |       |       |       |       ||     1
Armor: Robe              |     4 |    11 |   126 |    25 |       ||   166
       Troll hide        |       |       |       |    46 |       ||    46
       Troll leather arm |       |       |       |    73 |    17 ||    90
Dodge: Dodged            |     8 |    17 |   142 |   280 |    69 ||   516
Block: Shield            |     7 |    23 |   165 |   303 |    71 ||   569
